 Dungeon Crawl Stone Soup version 0.20-a0-492-g6327889 (webtiles) character file.

390 Goblin1989 the Slasher (level 6, 0/47 HPs)
             Began as a Barachian Gladiator on Jan 15, 2017.
             Slain by a quasit (1 damage)
             ... summoned by Eustachio
             ... on level 4 of the Dungeon.
             The game lasted 00:09:53 (4236 turns).

Goblin1989 the Slasher (Barachian Gladiator)        Turns: 4236, Time: 00:09:54

Health: 0/47       AC:  6    Str: 13      XL:     6   Next: 80%
Magic:  6/6        EV: 11    Int:  6      God:
Gold:   167        SH:  0    Dex: 10 (14) Spells: 5/5 levels left

rFire    . . .     SeeInvis .   a - +0 long sword
rCold    . . .     Gourm    +   d - +0 ring mail
rNeg     . . .     Faith    .   (no shield)
rPois    .         Spirit   .   c - +0 helmet
rElec    .         Reflect  .   (no cloak)
rCorr    .         Harm     .   (no gloves)
MR       .....                  (no boots)
Stlth    ..........             b - amulet of the gourmand
Regen    0.1/turn               (no ring)
                                (no ring)

@: slow
A: swims, slowness 1, strong legs 1
a: Hop


You were on level 4 of the Dungeon.
You were completely stuffed.

You visited 1 branch of the dungeon, and saw 5 of its levels.

You collected 167 gold pieces.

Inventory:

Hand Weapons
 a - a +0 long sword (weapon)
Missiles
 Z - 2 throwing nets (quivered) {=f, !d}
Armour
 c - a +0 helmet (worn)
 d - a +0 ring mail (worn)
Jewellery
 b - an amulet of the gourmand (around neck)
Scrolls
 e - 2 scrolls of identify {unknown}
 i - a scroll of enchant weapon {unknown}
 o - a scroll of remove curse {unknown}
 q - 2 scrolls of blinking {unknown}
Potions
 j - a potion of heal wounds {!q, @q2}
 k - a potion of curing {@q1}
 l - a potion of lignification {!q}
 n - a potion of brilliance {unknown}
 r - a potion of flight {unknown}
Comestibles
 f - 3 bread rations {@e1}
 g - a beef jerky
 h - a meat ration {@e2}
 m - 2 chunks of flesh {@w0}
 p - 3 fruits


   Skills:
 + Level 3.1 Fighting
 * Level 6.7 Long Blades
 - Level 1.7 Throwing
 + Level 2.5 Armour
 + Level 3.8 Dodging


You had 5 spell levels left.
You didn't know any spells.

Dungeon Overview and Level Annotations

Branches:
Dungeon (5/15)
 Temple: D:4-7

Altars:
Ashenzari
Elyvilon
Sif Muna
Uskayaw
Yredelemnul
The Shining One

Annotations:
D:4 Eustachio


Innate Abilities, Weirdness & Mutations

You can swim through water.
You cover ground slowly.
You can hop short distances.


Message History

The quasit claws you but does no damage.
The shadow imp gestures at you. Pain shoots through your body!
* * * LOW HITPOINT WARNING * * *
You take 17 damage, and have 4/47 hp.
MASSIVE DAMAGE!!
You hit Eustachio.
Eustachio is severely wounded.
The quasit bites you but does no damage.
The quasit claws you.
* * * LOW HITPOINT WARNING * * *
The quasit misses you. Eustachio closely misses you.
The crimson imp blinks!
The shadow imp closely misses you.
You riposte.
You closely miss the shadow imp.
The shadow imp is moderately wounded.
The quasit bites you.
* * * LOW HITPOINT WARNING * * *
You feel clumsy.
The quasit claws you but does no damage.
The quasit claws you.
You die... █ ███ .. ..█ █... █.█ ███ ██████████ █..█. █.███5███...b....█ ██..█..██.██...██.██████.█ ..........@55....█ █.█ █..█████.██@§.████ █r█ █..█ █.███.██ █@█ █..█████.█ █.█████ █5█ █........█ ██.██.██ █b█

███@█████████..██..█ █.█ █...█
██.██.>███ █.███ ████.███
██..██..████ ██5..█ █......██
██.....██...███.██.█
█@██....████....█.██.█.██...█.██


You could see Eustachio, a quasit, a crimson imp and a shadow imp.

Vanquished Creatures
  A hound (D:5)
  Terence (D:3)
  4 worker ants (D:4)
  A hound skeleton (D:4)
  Robin (D:4)
  7 adders
  4 gnolls (D:3)
  An ooze (D:3)
  An adder skeleton (D:4)
  3 worms
  4 leopard geckos
  10 orcs
  9 bats
  6 giant cockroaches
  15 goblins
  10 hobgoblins
  8 kobolds
  A quokka (D:3)
  3 frilled lizards
  A leopard gecko skeleton (D:4)
  5 rats
96 creatures vanquished.

Notes
Turn   | Place    | Note
-------+----------+-------------------------------------------
     0 | D:1      | Goblin1989 the Barachian Gladiator began the quest for the Orb.
     0 | D:1      | Reached XP level 1. HP: 16/16 MP: 1/1
   161 | D:1      | Reached XP level 2. HP: 22/22 MP: 2/2
   179 | D:1      | Reached skill level 4 in Long Blades
   444 | D:2      | Reached XP level 3. HP: 27/27 MP: 3/3
   752 | D:2      | Reached skill level 5 in Long Blades
  1020 | D:3      | Reached XP level 4. HP: 28/33 MP: 4/4
  1063 | D:3      | Found a shattered altar of Ashenzari.
  1561 | D:3      | Noticed Terence
  1584 | D:3      | Killed Terence
  1625 | D:3      | Reached skill level 1 in Armour
  1758 | D:3      | Reached XP level 5. HP: 34/39 MP: 5/5
  2020 | D:3      | Found a glowing golden altar of the Shining One.
  2120 | D:3      | Reached skill level 6 in Long Blades
  2137 | D:3      | HP: 1/39 [gnoll/flail (5)]
  2529 | D:4      | Found a hide-covered altar of Uskayaw.
  2529 | D:4      | Noticed Eustachio
  2530 | D:4      | Found a white marble altar of Elyvilon.
  2598 | D:4      | Reached XP level 6. HP: 46/46 MP: 6/6
  2667 | D:5      | Entered Level 5 of the Dungeon
  3269 | D:4      | Noticed Robin
  3348 | D:4      | Killed Robin
  3705 | D:4      | Found a glowing golden altar of the Shining One.
  3716 | D:4      | Found a basalt altar of Yredelemnul.
  3721 | D:4      | Noticed a profane servitor
  3976 | D:4      | Found a deep blue altar of Sif Muna.
  4236 | D:4      | HP: 1/47 [quasit[Eustachio] (3)]
  4236 | D:4      | Slain by a quasit

Vault maps used:
D:1:      sevenhm_arrival_forest_fort_small_4, interstate_on_off,
          hangedman_abyss_or_decor_lesser_grid
D:2:      zin_angel, minmay_tromino_v4_b, uniq_iyjb
D:3:      nicolae_ashenzari_panopticon, tso_altar, uniq_terence
D:4:      grunt_temple_overflow_holy_war, nicolae_overflow_crystal_walls,
          lemuel_round_altar, lemuel_blue_sif_altar, st_stairs_7,
          uniq_eustachio, uniq_robin
D:5:      bloody_trog, first_bread, serial_bayou_lake_a

Skill      XL: |  1  2  3  4  5  6 |
---------------+-------------------+-----
Long Blades    | 4 5 6 |  6.7
Armour         | 1 2 |  2.5
Fighting       | 3 |  3.1
Throwing       | |  1.7
Dodging        | |  3.8

Action                   |  1- 3 |  4- 6 || total
-------------------------+-------+-------++-------
Melee: Long sword        |    83 |   327 ||   410
Throw: Throwing net      |       |     1 ||     1
 Abil: Hop               |       |     1 ||     1
  Use: Potion            |       |     4 ||     4
  Eat: Chunk             |     9 |    15 ||    24
Armor: Ring mail         |    35 |   111 ||   146
       Skin              |       |    53 ||    53
Dodge: Dodged            |    64 |   227 ||   291
       Rpst.: Long sword |    32 |    60 ||    92

Vault maps used:
D:1:      sevenhm_arrival_forest_fort_small_4, interstate_on_off,
          hangedman_abyss_or_decor_lesser_grid
D:2:      zin_angel, minmay_tromino_v4_b, uniq_iyjb
D:3:      nicolae_ashenzari_panopticon, tso_altar, uniq_terence
D:4:      grunt_temple_overflow_holy_war, nicolae_overflow_crystal_walls,
          lemuel_round_altar, lemuel_blue_sif_altar, st_stairs_7,
          uniq_eustachio, uniq_robin
D:5:      bloody_trog, first_bread, serial_bayou_lake_a
